 Dungeon Crawl Stone Soup version 0.31-a0-692-gf03d1854d5 (webtiles) character file.

Game seed: 6054785887994963705

19 qw the Shooter (level 2, -1/17 HPs)
             Began as a Gargoyle Hunter on Sept 6, 2023.
             Slain by a goblin
             ... wielding a +0 dagger
             ... led by Robin
              (3 damage)
             ... on level 2 of the Dungeon.
             The game lasted 00:00:18 (742 turns).

qw the Shooter (Gargoyle Hunter)                     Turns: 742, Time: 00:00:19

Health: -1/17      AC: 11    Str: 14    XL:     2   Next: 75%
Magic:  2/2        EV:  7    Int:  9    God:
Gold:   11         SH:  0    Dex: 13    Spells: 1/1 levels left

rFire   . . .        Y - +0 shortbow
rCold   . . .        (shield currently unavailable)
rNeg    + . .        d - +0 ring mail
rPois   inf          (no helmet)
rElec   +            (no cloak)
rCorr   .            (no gloves)
SInv    .            (no boots)
Will    .....        (no amulet)
Stlth   +            h - +4 ring of protection
HPRegen 0.22/turn    (no ring)
MPRegen 0.08/turn

%: no passive effects
@: constricted
A: sickness immunity, AC +2, negative energy resistance 1, electricity
resistance, torment resistance 1, petrification resistance
a: no special abilities


You were on level 2 of the Dungeon.
You visited 1 branch of the dungeon, and saw 2 of its levels.

You collected 11 gold pieces.


Innate Abilities, Weirdness & Mutations

You are immune to sickness and miasma.
Your stone body is resilient. (AC +2)
You are immune to poison.
You resist negative energy. (rN+)
You are resistant to electric shocks. (rElec)
You are resistant to unholy torment.
You are immune to petrification.


   Skills:
 - Level 2.1 Fighting
 - Level 4.7 Ranged Weapons
 + Level 0.0 Armour
 - Level 1.5 Dodging
 - Level 1.1 Stealth


You had one spell level left.
You didn't know any spells.
Your spell library was empty.

Inventory:

Hand Weapons
 Y - a +0 shortbow (weapon)
Armour
 d - a +0 ring mail (worn)
Jewellery
 h - a +4 ring of protection (left hand)
Potions
 e - a potion of brilliance {unknown}
 f - 2 potions of curing

Dungeon Overview and Level Annotations

Branches:
Dungeon (2/15)

Altars:

Annotations:
D:2 Robin


Message History

The goblin barely misses you.
A ball python comes into view.
The ball python bites you but does no damage.
The ball python constricts you. The goblin hits you but does no damage.
You shoot an arrow.
The arrow barely misses the ball python.
The arrow closely misses the giant cockroach.
The ball python hisses angrily.
The rat bites you but does no damage. The goblin hits you but does no damage.
The goblin hits you with a +0 club.
The goblin hits you but does no damage. x2
The ball python bites you but does no damage.
The ball python constricts you. The goblin barely misses you.
The goblin hits you but does no damage. The goblin hits you with a +0 club.
The rat bites you but does no damage.
The goblin hits you but does no damage. x2
You shoot an arrow. The arrow hits the ball python.
The ball python is severely wounded.
The ball python bites you. The ball python constricts you.
The goblin hits you but does no damage. x2
The rat bites you but does no damage.
The goblin hits you but does no damage. x2
The goblin completely misses you.
A goblin comes into view. It is wielding a +0 club.
The ball python closely misses you. The ball python constricts you.
You shoot an arrow.
The arrow barely misses the ball python.
The arrow hits the giant cockroach.
The giant cockroach is almost dead.
The ball python barely misses you. The ball python constricts you.
The goblin hits you but does no damage.
Robin of the Strong Arm comes into view.
They are wielding a +0 club.
The rat barely misses you.
The goblin hits you but does no damage. x3
The goblin hits you with a +0 dagger.
You shoot an arrow.
The arrow barely misses the ball python.
Robin shouts!
The arrow hits the giant cockroach!
You kill the giant cockroach!
You hear a shout! x2
The ball python bites you but does no damage.
The ball python constricts you. The goblin hits you with a +0 dagger.
You die...

..... #.....
#...... #..#.$
....... . #.....
....... ..##.#..#
..... #.......#
.... [
.......##w.# ...
#...g#r.#..#.
.....#.#.g@S......
.......<.ggg..#...
.........#S.......
.....##..##.)##...
.... ##.. .... ..
... #........ . ..
#........ .
#..g....g. ......


You could see Robin, a dart slug, 5 goblins, 2 ball pythons and a rat.

Vanquished Creatures
  An endoplasm (D:1)
  2 giant cockroaches
  A goblin (D:1)
  A hobgoblin (D:1)
  2 jackals (D:1)
  2 kobolds (D:1)
  2 ball pythons (D:1)
  2 bats (D:1)
  A frilled lizard (D:1)
  7 rats (D:1)
21 creatures vanquished.

Notes
Turn   | Place    | Note
-------+----------+-------------------------------------------
     0 | D:1      | qw the Gargoyle Hunter began the quest for the Orb.
     0 | D:1      | Reached XP level 1. HP: 12/12 MP: 1/1
     0 | D:1      | 0 ||| qw: Version: 0.3-a-76-g4403597
     0 | D:1      | 0 ||| qw: Game counter: 123
     0 | D:1      | 0 ||| qw: Melee chars always use a shield: true
     0 | D:1      | 0 ||| qw: God list: Okawaru
     0 | D:1      | 0 ||| qw: Allow faded altars: false
     0 | D:1      | 0 ||| qw: Do Orc after clearing Dungeon:15 true
     0 | D:1      | 0 ||| qw: Do second Lair branch before Depths: true
     0 | D:1      | 0 ||| qw: Lair rune preference: random
     0 | D:1      | 0 ||| qw: Goals: Normal
     0 | D:1      | 0 ||| PLANNING D:1-11
   338 | D:1      | Reached XP level 2. HP: 17/17 MP: 2/2
   697 | D:1      | 697 ||| UPGRADING to +0 ring mail.
   707 | D:1      | 707 ||| DROPPING +0 leather armour.
   708 | D:1      | 708 ||| UPGRADING to +4 ring of protection.
   709 | D:1      | 709 ||| READING scroll labelled UCZAMM SEOCASU.
   710 | D:1      | 710 ||| READING scroll labelled NOUPIAMAOT.
   711 | D:1      | 711 ||| DRINKING 3 yellow potions.
   712 | D:1      | 712 ||| DROPPING scroll of butterflies.
   731 | D:2      | 731 ||| RETREATING.
   733 | D:2      | 733 ||| Stepping ~*~*~tactically~*~*~ (retreating).
   734 | D:2      | 734 ||| Stepping ~*~*~tactically~*~*~ (retreating).
   740 | D:2      | HP: 4/17 [ball python (1)]
   741 | D:2      | Noticed Robin
   742 | D:2      | Slain by a goblin

Levels and vault maps discovered:
D:1:      lightli_molten_gateway, layout_basic, serial_corexii_hall,
          corexii_hall_statues_deadend, chequers_hall_statues_y,
          item_on_display_a
D:2:      layout_rooms, ebering_ecumenical_altar_hall, uniq_robin, uniq_jessica

Action                     || total
---------------------------++-------
   Fire: Shortbow          ||    70
    Use: Scroll            ||     2
         Potion            ||     1
 Armour: Leather armour    ||    15
         Ring mail         ||    38
  Dodge: Dodged            ||    28

Table legend:
 A = Non-vault XP
 B = Vault XP
 C = Vault XP percentage of total XP
 D = Non-vault monster count
 E = Vault monster count
 F = Vault count percentage of total count
                 A         B        C        D         E       F
            +---------+---------+-------+---------+---------+-------
      Total |      30 |       0 |   0.0 |      21 |       0 |   0.0
            +---------+---------+-------+---------+---------+-------
        D:1 |      28 |       0 |   0.0 |      20 |       0 |   0.0
        D:2 |       2 |       0 |   0.0 |       1 |       0 |   0.0
            +---------+---------+-------+---------+---------+-------
